[Event "Early-Titled-Tuesday-Blitz-September-26-2023"]
[Site "Chess.com"]
[Date "2023.09.26"]
[Round "6"]
[White "Cheer_Down"]
[Black "Witty_Alien"]
[Result "1-0"]
[WhiteElo "2470"]
[BlackElo "2215"]
[TimeControl "180+1"]
[EndTime "9:07:35 PDT"]
[Termination "Cheer_Down won by resignation"]

1. e4 c5 2. Nf3 d6 3. Bb5+ Bd7 4. Bxd7+ Qxd7 5. c4 g6 6. d4 cxd4 7. Nxd4 Nf6 8. Nc3 Bg7 9. f3 Nc6 10. Be3 O-O 11.
O-O Rac8 12. b3 a6 13. Qd3 Nb4 14. Qd2 h5 15. Rac1 h4 16. h3 Nh5 17. Rfd1 Nc6 18.
Nxc6 bxc6 19. c5 Ng3 20. Bg5 f5 21. Bxh4 f4 22. Ne2 Nxe4 23. fxe4 f3 24. Ng3 Be5 25. Qg5 Qe6 26. Nf5 f2+ 27. Bxf2 Rxf5 28. exf5 Qxf5 29. Qxf5 gxf5 30. cxd6 exd6 31. Kf1 1-0

[Event "Early-Titled-Tuesday-Blitz-September-26-2023"]
[Site "Chess.com"]
[Date "2023.09.26"]
[Round "6"]
[White "tandaleo"]
[Black "goodluck06"]
[Result "0-1"]
[WhiteElo "2520"]
[BlackElo "2669"]
[TimeControl "180+1"]
[EndTime "9:07:40 PDT"]
[Termination "goodluck06 won by checkmate"]

1. Nf3 d5 2. b3 b6 3. Bb2 Bb7 4. g3 e6 5. Bg2 Nf6 6. O-O c5 7. d3 Nbd7 8. Nbd2 Bd6 9. c4 O-O 10.
Qc2 d4 11. e3 e5 12. exd4 exd4 13. Rfe1 Qc7 14. Ne4 Nxe4 15. dxe4 Rae8 16. Nd2 g5 17.
h3 h6 18. a3 Re6 19. b4 Rfe8 20. bxc5 bxc5 21. Rab1 Bc6 22. Bc1 f5 23. Bb2 f4 24.
g4 f3 25. Bxf3 Ne5 26. Bg2 Rf8 27. Nf1 Nf3+ 28. Bxf3 Rxf3 29. Kg2 Qf7 30. Rbd1 Qf4 31. Qd2 Rxe4 32. Qxf4 Rexf4 33. Kg1 Rxf2 34. Re6 Rg2+ 35. Kh1 Rgxg4+ 36. Kh2 Rf2# 0-1

[Event "Early-Titled-Tuesday-Blitz-September-26-2023"]
[Site "Chess.com"]
[Date "2023.09.26"]
[Round "6"]
[White "ashookk"]
[Black "Me_ch_an"]
[Result "1/2-1/2"]
[WhiteElo "2241"]
[BlackElo "2340"]
[TimeControl "180+1"]
[EndTime "9:07:41 PDT"]
[Termination "Game drawn by agreement"]

1. Nf3 d5 2. c4 dxc4 3. e3 Nf6 4. Bxc4 e6 5. O-O a6 6. d4 c5 7.
Qe2 b5 8. Bb3 cxd4 9. exd4 Bb7 10.
Rd1 Be7 11. Nc3 O-O 12. Bg5 Nd5 13. Bxe7 Nxe7 14. Ne4 Bd5 15. Bc2 Nd7 16. Nc3 Nf6 17. Ne5 Rc8 18. a3 Ng6 19. Rac1 Nf4 20. Qe3 Nxg2 21.
Qg3 Nh5 22. Qd3 f5 23. Nxd5 Qxd5 24. Bb3 Qd6 25. Rxc8 Rxc8 26. Qxf5 Ngf4 27. Qf7+ Kh8 28.
Qxh5 1/2-1/2

[Event "Early-Titled-Tuesday-Blitz-September-26-2023"]
[Site "Chess.com"]
[Date "2023.09.26"]
[Round "6"]
[White "bennyficial"]
[Black "Barbix1"]
[Result "0-1"]
[WhiteElo "2134"]
[BlackElo "2330"]
[TimeControl "180+1"]
[EndTime "9:07:43 PDT"]
[Termination "Barbix1 won by checkmate"]

1. Nf3 Nf6 2. c4 g6 3. b3 Bg7 4. Bb2 O-O 5. g3 c5 6. Bg2 d5 7. cxd5 Qxd5 8. O-O Nc6 9. Ne5 Qd6 10. Nxc6 bxc6 11.
d3 a5 12. Nd2 a4 13. Qc2 Be6 14. Bxf6 Bxf6 15. Ne4 Qe5 16. Nxf6+ exf6 17. bxa4 Bd5 18. Rab1 Ra5 19. Bxd5 Qxd5 20. Rfc1 Rfa8 21. Qc3 Kg7 22. Rb6 Rxa4 23. Qxc5 Rxa2 24. Qe7 Rc8 25. Rb7 c5 26.
Rc4 Ra1+ 27. Rc1 Rxc1# 0-1

[Event "Early-Titled-Tuesday-Blitz-September-26-2023"]
[Site "Chess.com"]
[Date "2023.09.26"]
[Round "6"]
[White "platy3"]
[Black "DTChess"]
[Result "1-0"]
[WhiteElo "2862"]
[BlackElo "2593"]
[TimeControl "180+1"]
[EndTime "9:07:44 PDT"]
[Termination "platy3 won by resignation"]

1. d4 Nf6 2. Nf3 e6 3. c4 b6 4. g3 Bb7 5. Bg2 g6 6. O-O Bg7 7. Nc3 O-O 8. Qc2 d5 9. cxd5 exd5 10. Bf4 c6 11. Ne5 Nbd7 12. e4 dxe4 13. Nxe4 Nxe4 14.
Bxe4 Nxe5 15. dxe5 Qe7 16. Rfe1 c5 17. h4 Bxe4 18.
Qxe4 Qe6 19. Red1 Rfd8 20. b3 h6 21. Kg2 a5 22. Rd2 Rac8 23. Rad1 Rxd2 24. Rxd2 Rc6 25. Rd8+ Kh7 26. h5 c4 27. bxc4 Rxc4 28. hxg6+ fxg6 29. Qb7 g5 30. Rd7 Qc6+ 31. Qxc6 Rxc6 32. Be3 Kg6 33. f4 g4 34. f5+ Kxf5 35. Rxg7 Rc2+ 36. Bf2 Kxe5 37. Rxg4 Rxa2 38. Rg6 b5 39. Rxh6 b4 40. Rb6 Kd5 41. Kf3 Kc4 42. g4 a4 43. g5 b3 44. g6 b2 45. g7 Ra3+ 46. Be3 Rb3 47. g8=Q+ Kc3 48. Rc6+ Kb4 49. Qf8+ 1-0

[Event "Early-Titled-Tuesday-Blitz-September-26-2023"]
[Site "Chess.com"]
[Date "2023.09.26"]
[Round "6"]
[White "stratacticos"]
[Black "wild3000"]
[Result "1-0"]
[WhiteElo "1796"]
[BlackElo "2296"]
[TimeControl "180+1"]
[EndTime "9:07:44 PDT"]
[Termination "stratacticos won by resignation"]

1. e4 c5 2. c3 d5 3. exd5 Qxd5 4. d4 e6 5. Na3 a6 6. Nc4 Qd8 7. Nf3 b5 8. Nce5 Bb7 9. Be3 Qc7 10. a4 cxd4 11.
cxd4 Bb4+ 12. Bd2 Bxd2+ 13. Qxd2 bxa4 14. Rc1 Qd8 15. Bc4 Nf6 16. O-O O-O 17. Rfd1 Nbd7 18. Qb4 Rb8 19. Qxa4 Nb6 20. Qa2 Nxc4 21. Qxc4 Qb6 22.
Rd2 Rfc8 23. Qf1 Rxc1 24. Qxc1 Bd5 25. h3 h6 26. Rc2 g5 27. Nxg5 Qxd4 28. Ngxf7 Be4 29.
Nxh6+ Kf8 30. Qf4 Bf5 31. Qxd4 Kg7 1-0

[Event "Early-Titled-Tuesday-Blitz-September-26-2023"]
[Site "Chess.com"]
[Date "2023.09.26"]
[Round "6"]
[White "LangesNasenhaar"]
[Black "carloseduar100"]
[Result "1-0"]
[WhiteElo "2492"]
[BlackElo "2337"]
[TimeControl "180+1"]
[EndTime "9:07:46 PDT"]
[Termination "LangesNasenhaar won by resignation"]

1. d4 d5 2. Nc3 Nf6 3. Bf4 e6 4. Nb5 Na6 5. e3 Bd7 6. a4 c6 7.
Nd6+ Bxd6 8. Bxd6 Ne4 9. Ba3 Qh4 10. g3 Qf6 11. Nf3 Nc7 12. Bd3 h5 13. h4 O-O-O 14.
Qe2 Ne8 15. c4 N8d6 16. Ne5 dxc4 17. Bc2 c3 18. b4 Kb8 19. Rg1 Nd2 20. b5 Nf5 21.
bxc6 Bxc6 22. Nxc6+ bxc6 23. Bb4 Nxd4 24. exd4 Nf3+ 25. Kf1 Nxg1 26. Kxg1 Qxd4 27. Rb1 Kc8 28. Qa6+ Kd7 29. Rd1 Qxd1+ 30. Bxd1 Ke8 31. Qxc6+ Rd7 32. Bxc3 f6 33. Be2 Kd8 34. Ba5+ Ke8 35. Bb5 1-0

[Event "Early-Titled-Tuesday-Blitz-September-26-2023"]
[Site "Chess.com"]
[Date "2023.09.26"]
[Round "6"]
[White "almaguerjm"]
[Black "Zurability"]
[Result "0-1"]
[WhiteElo "2501"]
[BlackElo "2754"]
[TimeControl "180+1"]
[EndTime "9:07:47 PDT"]
[Termination "Zurability won by resignation"]

1. e4 c5 2. Nf3 d6 3. d4 cxd4 4. Nxd4 Nf6 5. Nc3 g6 6. Be3 Bg7 7. Be2 Nc6 8. Qd2 O-O 9. f4 Bd7 10. O-O Rc8 11. Nd5 Nxe4 12. Qd3 Nc5 13. Qd1 e6 14.
Nc3 Nxd4 15. Bxd4 Qb6 16. Bxg7 Kxg7 17. Qd4+ Kg8 18. Kh1 Qxb2 19. Rab1 Qa3 20. Qf6 Bc6 21.
Rb3 Nxb3 22. axb3 Qc5 23. Bf3 Qf5 24. Qxf5 gxf5 25. Kg1 Bxf3 26. Rxf3 Rc6 27. h3 Rfc8 28. Nb5 Rxc2 29. Rg3+ Kf8 30. Nxd6 R8c3 31. Rg5 Rxb3 0-1

[Event "Early-Titled-Tuesday-Blitz-September-26-2023"]
[Site "Chess.com"]
[Date "2023.09.26"]
[Round "6"]
[White "Djager97"]
[Black "FontVella8"]
[Result "0-1"]
[WhiteElo "2555"]
[BlackElo "2711"]
[TimeControl "180+1"]
[EndTime "9:07:53 PDT"]
[Termination "FontVella8 won by resignation"]

1. e4 c6 2. d4 d5 3. exd5 cxd5 4. Bd3 Nf6 5. h3 Nc6 6. c3 g6 7. Nf3 Bf5 8. Be2 e6 9. O-O Bd6 10. Bh6 Ne4 11. Nbd2 Qf6 12. Nxe4 Bxe4 13. Bg5 Qg7 14. Qd2 f6 15. Be3 g5 16. c4 h5 17. cxd5 exd5 18.
Ne1 O-O-O 19. Nd3 g4 20. h4 Ne7 21. Nf4 Qg8 22. a4 Nf5 23. a5 Nxh4 24. a6 Nf3+ 25.
Bxf3 gxf3 26. axb7+ Kd7 27. Rxa7 Rb8 28. g3 h4 29. Ra6 hxg3 30. Rxd6+ Ke7 31. Re6+ Kf7 32. Qb4 Rh1+ 33. Kxh1 Qh7+ 0-1

[Event "Early-Titled-Tuesday-Blitz-September-26-2023"]
[Site "Chess.com"]
[Date "2023.09.26"]
[Round "6"]
[White "Mikhail_Bryakin"]
[Black "vugarrasulov"]
[Result "0-1"]
[WhiteElo "2841"]
[BlackElo "2953"]
[TimeControl "180+1"]
[EndTime "9:07:56 PDT"]
[Termination "vugarrasulov won on time"]

1. d4 Nf6 2. Nc3 e6 3. e4 d5 4. Bg5 Be7 5. e5 Nfd7 6. h4 a6 7. Bxe7 Qxe7 8. f4 c5 9. Nf3 Nc6 10. Qd2 b5 11. h5 Bb7 12. Ne2 f6 13. c3 O-O 14. h6 g6 15. Ng3 Rac8 16. Bd3 cxd4 17.
cxd4 fxe5 18. fxe5 Rxf3 19. gxf3 Nxd4 20. Qe3 Nxe5 21. O-O Qf6 22. f4 Ng4 23. Qd2 Qh4 24. Nh1 Qxh6 25. Rae1 Rf8 26. Bb1 e5 27. Ng3 e4 28.
Qg2 Nf3+ 29. Rxf3 exf3 30. Qxf3 d4 31. Qb3+ Kh8 32. Re2 Qxf4 33. Bxg6 Qc1+ 0-1

[Event "Early-Titled-Tuesday-Blitz-September-26-2023"]
[Site "Chess.com"]
[Date "2023.09.26"]
[Round "6"]
[White "lamomiajunior"]
[Black "ferdipy"]
[Result "1-0"]
[WhiteElo "2756"]
[BlackElo "2314"]
[TimeControl "180+1"]
[EndTime "9:07:59 PDT"]
[Termination "lamomiajunior won by resignation"]

1. d4 e5 2. dxe5 d6 3. Nf3 Nc6 4. Bg5 f6 5. exf6 gxf6 6. Bf4 Bg4 7. e3 Qe7 8. Be2 O-O-O 9. Nbd2 h5 10. h3 Bf5 11. c3 Bh6 12. Bxh6 Nxh6 13. Nd4 Nxd4 14. cxd4 h4 15. Bf3 Kb8 16. Qb3 Bc8 17. O-O-O f5 18.
Rhe1 Rhf8 19. Nc4 d5 20. Ne5 Qd6 21. Kb1 Nf7 22. Nd3 Ng5 23. Be2 f4 24. Nxf4 Rxf4 25.
exf4 Qxf4 26. Qe3 Qf6 27. Bg4 Bxg4 28. hxg4 a6 29. Qe5 Qg6+ 30. Qf5 Qg7 31. Re5 Ne4 32.
f3 Nd6 33. Qd3 Nc4 34. Re2 Qh6 35. b3 Na3+ 36. Kb2 Nb5 37. a4 Nd6 38. Rde1 h3 39. gxh3 Qxh3 40. Re3 Qh8 41. g5 Rf8 42. Re5 c6 43. g6 Rf4 44. Qe3 Qf6 45. g7 Rxf3 46. g8=Q+ Ka7 47. Qd2 1-0

[Event "Early-Titled-Tuesday-Blitz-September-26-2023"]
[Site "Chess.com"]
[Date "2023.09.26"]
[Round "6"]
[White "Lennis93"]
[Black "Just_Lucky_1"]
[Result "1-0"]
[WhiteElo "2730"]
[BlackElo "2578"]
[TimeControl "180+1"]
[EndTime "9:07:59 PDT"]
[Termination "Lennis93 won by resignation"]

1. e4 c5 2. Nf3 d6 3. Bc4 Nf6 4. Nc3 a6 5. d4 cxd4 6. Nxd4 e6 7. O-O Nbd7 8. Bxe6 fxe6 9. Nxe6 Qb6 10. Be3 Nc5 11.
Nxf8 Rxf8 12. e5 Ng4 13. exd6 Nxe3 14. Qh5+ g6 15. Qe5+ Be6 16. fxe3 O-O-O 17. Rxf8 Rxf8 18. Rd1 Bd7 19. Nd5 Qb5 20. c4 Qa5 21. b4 Qxa2 22. Nf6 Ne6 23. h3 Qxc4 24. Nxh7 Qc2 25. Ra1 Rf2 26.
Qg3 Bc6 27. Qxf2 1-0

[Event "Early-Titled-Tuesday-Blitz-September-26-2023"]
[Site "Chess.com"]
[Date "2023.09.26"]
[Round "6"]
[White "BlueWizzard"]
[Black "ellatambien"]
[Result "1-0"]
[WhiteElo "2909"]
[BlackElo "2510"]
[TimeControl "180+1"]
[EndTime "9:08:01 PDT"]
[Termination "BlueWizzard won by resignation"]

1. d4 Nf6 2. Nc3 d5 3. Nf3 a6 4.
Bg5 Ne4 5. Bh4 c5 6. e3 Qa5 7.
dxc5 Nc6 8. Bd3 Nxc3 9. bxc3 Qxc3+ 10. Nd2 Qxc5 11. O-O g6 12. Nb3 Qc3 13. e4 dxe4 14.
Bxe4 Bg7 15. Re1 O-O 16. Rb1 Be6 17. Bxc6 bxc6 18. Bxe7 Rfe8 19. Bg5 h6 20. Bd2 Qc4 21. Na5 Qxa2 22. Nxc6 a5 23. c3 a4 24. Nd4 Qc4 25. Rb4 Qa6 26. Qc1 a3 27. Nc2 Kh7 28. Bxh6 Bxh6 29.
Rh4 Kg7 30. Qxh6+ Kf6 31. Qf4+ Ke7 32. Nb4 Qd6 33. Qg5+ Kd7 34. Rd4 a2 35. Rxd6+ Kxd6 36. Rd1+ Kc7 37. Qc5+ 1-0

[Event "Early-Titled-Tuesday-Blitz-September-26-2023"]
[Site "Chess.com"]
[Date "2023.09.26"]
[Round "6"]
[White "Zavgorodniy_Sergiy"]
[Black "scarabee43"]
[Result "0-1"]
[WhiteElo "2584"]
[BlackElo "2782"]
[TimeControl "180+1"]
[EndTime "9:08:02 PDT"]
[Termination "scarabee43 won on time"]

1. e4 c5 2. Nf3 e6 3. d3 Nc6 4. g3 g6 5. Bg5 f6 6. Be3 Bg7 7. c3 b6 8. d4 cxd4 9. cxd4 d5 10. exd5 exd5 11. Bg2 Nge7 12. O-O O-O 13. Re1 Nf5 14. Nc3 Nxe3 15. Rxe3 Bb7 16. Re1 Qd7 17. Qb3 Na5 18. Qb5 Bc6 19. Qd3 Nc4 20. b3 Nd6 21. Nd2 Rad8 22. b4 f5 23. a4 Ne4 24. b5 Ba8 25. f3 Nxc3 26. Qxc3 Rc8 27. Qd3 f4 28. Rac1 Qd6 29.
Bh3 Rxc1 30. Rxc1 fxg3 31. Nf1 gxh2+ 32. Nxh2 Qf4 33. Rd1 Bb7 34. Kg2 Bc8 35. Bxc8 Rxc8 36. Nf1 Rc4 37. Ne3 Rxd4 38. Qe2 Rxd1 39. Nxd1 h5 40. Qe6+ Kh7 41. Qxd5 Qxa4 42. Nf2 Qc2 0-1

[Event "Early-Titled-Tuesday-Blitz-September-26-2023"]
[Site "Chess.com"]
[Date "2023.09.26"]
[Round "6"]
[White "Denis_Makhnyov"]
[Black "wannabe2700"]
[Result "1-0"]
[WhiteElo "2935"]
[BlackElo "2656"]
[TimeControl "180+1"]
[EndTime "9:08:06 PDT"]
[Termination "Denis_Makhnyov won by checkmate"]

1. d4 f5 2. g3 Nf6 3. Bg2 g6 4. Nh3 Bg7 5. Nf4 d6 6. d5 c6 7. Nc3 e5 8. dxe6 Na6 9. h4 Rg8 10. e4 fxe4 11. Nxe4 Nxe4 12. Bxe4 Nc5 13. Bg2 Nxe6 14.
O-O Kf7 15. c4 Re8 16. h5 g5 17. h6 Nxf4 18. gxf4 Bh8 19. Qd3 Kg8 20. fxg5 Qd7 21.
g6 Be5 22. f4 Bf6 23. f5 Qc7 24. Bf4 Qb6+ 25. Kh1 Qxb2 26. Rae1 Bd7 27. g7 Qxa2 28. Bd5+ cxd5 29. Qxd5+ Be6 30. Rxe6 Kf7 31. Rxd6+ Ke7 32. Qe6# 1-0

[Event "Early-Titled-Tuesday-Blitz-September-26-2023"]
[Site "Chess.com"]
[Date "2023.09.26"]
[Round "6"]
[White "vedantgoswami"]
[Black "Rital44"]
[Result "0-1"]
[WhiteElo "2351"]
[BlackElo "2532"]
[TimeControl "180+1"]
[EndTime "9:08:07 PDT"]
[Termination "Rital44 won on time"]

1. g3 Nc6 2. Bg2 d5 3. c4 dxc4 4. Nf3 Nf6 5. O-O e5 6. Qc2 Bd6 7. Qxc4 O-O 8. Nc3 a6 9. d3 h6 10. Bd2 Qe7 11. a3 Be6 12. Qa4 b5 13. Qh4 Rab8 14. Rfc1 Nd4 15. Nxd4 exd4 16. Qxd4 Ng4 17. Ne4 Be5 18. Qa7 Rb6 19. Bc3 f5 20. Bxe5 Nxe5 21.
Rxc7 Nd7 22. Rxd7 Qxd7 23. Qxb6 fxe4 24. Bxe4 Qc8 25. Qd6 Rd8 26. Qe5 Re8 27. Qf4 Qc2 28. Rc1 Qxe2 29. Qf3 Qxb2 30. Rc7 Qe5 31. Qe3 Qxc7 0-1

[Event "Early-Titled-Tuesday-Blitz-September-26-2023"]
[Site "Chess.com"]
[Date "2023.09.26"]
[Round "6"]
[White "GeorgiosSouleidis"]
[Black "Incognito_Knight"]
[Result "0-1"]
[WhiteElo "2561"]
[BlackElo "2764"]
[TimeControl "180+1"]
[EndTime "9:08:08 PDT"]
[Termination "Incognito_Knight won on time"]

1. e4 c6 2. Nc3 d5 3. Nf3 dxe4 4. Nxe4 Nf6 5. Qe2 Nxe4 6. Qxe4 Qd5 7. Qh4 Qe6+ 8. Be2 Qg6 9. O-O Qxc2 10. Bc4 Qf5 11. h3 e6 12. d4 Nd7 13. Re1 Be7 14. Bg5 Bxg5 15. Nxg5 Nf6 16. Re5 Qg6 17. Rae1 h6 18.
Nxe6 fxe6 19. Bxe6 Bxe6 20. Rxe6+ Kf7 21. Re7+ Kg8 22.
R1e6 Rf8 23. Rxb7 Rf7 24. Rb8+ Kh7 25. Rxh8+ Kxh8 26. Rxc6 Qb1+ 27. Kh2 Qxb2 28. Qf4 Qb7 29. Re6 Qd5 30. Qe5 Qxa2 31. f3 Qd5 0-1

[Event "Early-Titled-Tuesday-Blitz-September-26-2023"]
[Site "Chess.com"]
[Date "2023.09.26"]
[Round "6"]
[White "ArtemDyachuk"]
[Black "zajka-molotok"]
[Result "1-0"]
[WhiteElo "2695"]
[BlackElo "2536"]
[TimeControl "180+1"]
[EndTime "9:08:08 PDT"]
[Termination "ArtemDyachuk won on time"]

1. e4 c5 2. Nf3 Nc6 3. Bb5 g6 4. O-O Bg7 5. Bxc6 dxc6 6. h3 e5 7. d3 Ne7 8. a4 Be6 9. Be3 c4 10.
d4 O-O 11. dxe5 Qc7 12. Bc5 Rfd8 13. Bd6 Qd7 14. Nc3 Nc8 15. Ba3 Qc7 16. Qe2 Bxe5 17. Nxe5 Qxe5 18. Qe3 Nb6 19. f4 Qd4 20. Rae1 Qxe3+ 21. Rxe3 Rd2 22. a5 Nd7 23. f5 gxf5 24. exf5 Bd5 25.
Rg3+ Kh8 26. Nxd5 cxd5 27. Bb4 Rxc2 28. Bc3+ f6 29. Re1 Rg8 30. Rxg8+ Kxg8 31. Re7 Ne5 32. Rxb7 a6 33. Rb6 Nd3 34. Rxa6 Nf4 35. Ra8+ Kf7 36. a6 Rxg2+ 37. Kf1 Rh2 38. a7 Rh1+ 39. Kf2 Ra1 40. Bd4 Nd3+ 41. Ke2 Nc1+ 42. Kf2 Nb3 43. Bb6 Ra6 44. Rb8 1-0

[Event "Early-Titled-Tuesday-Blitz-September-26-2023"]
[Site "Chess.com"]
[Date "2023.09.26"]
[Round "6"]
[White "LileKoridze"]
[Black "Zampronha1971"]
[Result "0-1"]
[WhiteElo "2345"]
[BlackElo "2275"]
[TimeControl "180+1"]
[EndTime "9:08:08 PDT"]
[Termination "Zampronha1971 won by checkmate"]

1. d4 Nf6 2. c4 e6 3. Nf3 b6 4.
g3 Ba6 5. b3 d5 6. cxd5 exd5 7.
Bg2 Bb4+ 8. Bd2 Be7 9. O-O O-O 10. Nc3 c6 11. Qc2 Re8 12. Rad1 Bd6 13. Bc1 Nbd7 14. Rfe1 h6 15. e4 Bb4 16. e5 Ne4 17. Bb2 Bxc3 18. Bxc3 Rc8 19. Bb2 c5 20. dxc5 Ndxc5 21. Qb1 Bb7 22.
Nd4 Qe7 23. Nf5 Qg5 24. Nd6 Nxd6 25. exd6 Rxe1+ 26. Rxe1 Rd8 27. Be5 d4 28. f4 Qg4 29.
Bxd4 Bxg2 30. Kxg2 Ne6 31. Be5 f6 32. h3 Qh5 33. Bxf6 Rxd6 34. Be5 Rd2+ 35. Kg1 Qf3 36. Qe4 Qf2+ 37. Kh1 Qh2# 0-1

[Event "Early-Titled-Tuesday-Blitz-September-26-2023"]
[Site "Chess.com"]
[Date "2023.09.26"]
[Round "6"]
[White "gau248"]
[Black "baki83"]
[Result "0-1"]
[WhiteElo "2591"]
[BlackElo "2820"]
[TimeControl "180+1"]
[EndTime "9:08:10 PDT"]
[Termination "baki83 won by resignation"]

1. e4 c5 2. Nf3 d6 3. d4 cxd4 4. Nxd4 Nf6 5. Nc3 Nc6 6. Be2 g6 7. Be3 Bg7 8. f3 O-O 9. Qd2 d5 10. exd5 Nxd5 11. Nxc6 bxc6 12. Bd4 Nf4 13. Bxg7 Nxg2+ 14. Kd1 Qxd2+ 15. Kxd2 Kxg7 16. Bc4 Rd8+ 17. Ke2 Nf4+ 18.
Ke3 e5 19. Rad1 Bf5 20. Ne4 Nd5+ 21. Kf2 Bxe4 22. fxe4 Nf6 23. Kf3 Kf8 24. a4 Ke7 25. a5 Rab8 26. b3 Ne8 27. h4 Nd6 28. Bd3 f5 29. h5 Rf8 30. exf5 gxf5 31. Rde1 Kf6 32. Ba6 Rg8 33. Rhg1 Rbd8 34. h6 Nf7 35. Rxg8 Rxg8 36. Bc4 Ng5+ 37. Ke2 Rd8 38. Rd1 Rxd1 39. Kxd1 e4 40.
c3 Ke5 41. b4 f4 42. Bg8 f3 43. c4 e3 44. b5 f2 45. Ke2 Ne4 0-1

[Event "Early-Titled-Tuesday-Blitz-September-26-2023"]
[Site "Chess.com"]
[Date "2023.09.26"]
[Round "6"]
[White "RobertoJBM"]
[Black "Kaiyrbekov"]
[Result "0-1"]
[WhiteElo "2805"]
[BlackElo "1647"]
[TimeControl "180+1"]
[EndTime "9:08:11 PDT"]
[Termination "Kaiyrbekov won on time"]

1. d4 Nf6 2. c4 e6 3. Nf3 Bb4+ 4. Bd2 Bxd2+ 5. Qxd2 b6 6. Nc3 Bb7 7. e3 O-O 8. Be2 Ne4 9. Nxe4 Bxe4 10. O-O d6 11. Qc3 Nd7 12. Nd2 Bb7 13. Bf3 Bxf3 14. Nxf3 f5 15. d5 e5 16. Nd2 Qh4 17. f4 Rae8 18.
g3 Qg4 19. Rae1 Rf6 20. fxe5 Nxe5 21. Qd4 Qh5 22. e4 Ng4 23. Re2 fxe4 24. Rxf6 Nxf6 25. Qe3 Ng4 26. Qd4 e3 27. Nf1 a5 28. b3 Qh3 29. Qd1 Rf8 30. Nxe3 Nxh2 31. Rxh2 Qxg3+ 32. Rg2 Qxe3+ 33. Kh2 Rf3 0-1

[Event "Early-Titled-Tuesday-Blitz-September-26-2023"]
[Site "Chess.com"]
[Date "2023.09.26"]
[Round "6"]
[White "vladgoncharov"]
[Black "MatthewG-p4p"]
[Result "0-1"]
[WhiteElo "2518"]
[BlackElo "2802"]
[TimeControl "180+1"]
[EndTime "9:08:12 PDT"]
[Termination "MatthewG-p4p won on time"]

1. d4 Nf6 2. Nf3 c5 3. c4 cxd4 4. Nxd4 e5 5. Nb5 d5 6. cxd5 Bc5 7. e3 O-O 8. N5c3 e4 9. h3 Qe7 10. a3 Rd8 11. b4 Bd6 12. Bb2 Nbd7 13. Nd2 Nb6 14. Qc2 Bf5 15. g4 Bg6 16. Bg2 Rac8 17. Qb1 Be5 18. Ne2 Nbxd5 19. Bxe5 Qxe5 20. Ra2 Nc3 21. Nxc3 Qxc3 22. Ke2 Nd5 23. Rb2 Nf4+ 24. exf4 e3 25.
Ne4 Bxe4 26. Bxe4 Rd2+ 27. Kf3 exf2+ 28. Bd3 Rxb2 0-1

[Event "Early-Titled-Tuesday-Blitz-September-26-2023"]
[Site "Chess.com"]
[Date "2023.09.26"]
[Round "6"]
[White "Maxfan2008"]
[Black "Eagle_2019"]
[Result "1-0"]
[WhiteElo "2567"]
[BlackElo "2687"]
[TimeControl "180+1"]
[EndTime "9:08:16 PDT"]
[Termination "Maxfan2008 won by checkmate"]

1. d4 d5 2. c4 e6 3. Nc3 Nf6 4. cxd5 exd5 5. Bg5 c6 6. e3 Bd6 7. Bd3 O-O 8. Qc2 h6 9. Bh4 Re8 10. Nge2 a5 11. h3 Na6 12. a3 Nc7 13. O-O Ne6 14.
Rae1 Ng5 15. Nf4 Qc7 16. Nce2 Nfe4 17. f3 Nf6 18. Bf2 a4 19. Qd2 b6 20. h4 Ne6 21.
Nxe6 Bxe6 22. e4 dxe4 23. fxe4 Ng4 24. e5 Be7 25. Bg3 Qd8 26. Nf4 Bxh4 27. Nxe6 fxe6 28. Re4 Bg5 29. Qe2 h5 30. Rxg4 hxg4 31. Qe4 Bf6 32. exf6 gxf6 33. Qg6+ Kh8 34. Qh7# 1-0

[Event "Early-Titled-Tuesday-Blitz-September-26-2023"]
[Site "Chess.com"]
[Date "2023.09.26"]
[Round "6"]
[White "Vesper2018"]
[Black "Rozhkov_V"]
[Result "1/2-1/2"]
[WhiteElo "2579"]
[BlackElo "2415"]
[TimeControl "180+1"]
[EndTime "9:08:16 PDT"]
[Termination "Game drawn by repetition"]

1. e4 e6 2. d4 d5 3. Nc3 Bb4 4. e5 c5 5. a3 Bxc3+ 6. bxc3 Ne7 7. h4 Qc7 8. Rh3 Nbc6 9. Nf3 Bd7 10. h5 h6 11. a4 Qa5 12. Bd2 c4 13. Qb1 O-O-O 14.
Qb5 Qc7 15. Qb2 Nf5 16. g4 Nfe7 17. Ng1 f6 18. f4 fxe5 19. fxe5 g6 20. Ne2 Rdf8 21.
hxg6 Nxg6 22. Rxh6 Qd8 23. O-O-O Rxh6 24. Bxh6 Rf2 25.
Qa3 Qh4 26. Be3 Rh2 27. Nf4 Qxg4 28. Nxg6 Qxg6 29. Qf8+ Nd8 30. Bf2 Bxa4 31. Rd2 Rh1 32. Be1 Qe4 33. Re2 Qg6 34. Kb2 a6 35. Rg2 Qe4 36. Re2 Qg6 37. Rg2 Qe4 38. Re2 Qg6 1/2-1/2

[Event "Early-Titled-Tuesday-Blitz-September-26-2023"]
[Site "Chess.com"]
[Date "2023.09.26"]
[Round "6"]
[White "jk13"]
[Black "cristiano78"]
[Result "1-0"]
[WhiteElo "2619"]
[BlackElo "2261"]
[TimeControl "180+1"]
[EndTime "9:08:17 PDT"]
[Termination "jk13 won on time"]

1. e4 c5 2. c3 d6 3. d4 Nf6 4.
Bd3 Qc7 5. Nf3 Bg4 6. O-O Nbd7 7. Re1 e5 8. Nbd2 a6 9. h3 Bh5 10. a4 Be7 11. dxe5 Nxe5 12. Be2 Bg6 13. Nxe5 dxe5 14. Bc4 Rd8 15. Qf3 O-O 16. Nf1 Qc6 17. Bg5 b5 18.
axb5 axb5 19. Bxf6 Bxf6 20. Bd5 Qb6 21. Ra2 Rd6 22. Rea1 h6 23. Ra7 Kh7 24. Rb7 Qd8 25. Rxb5 Rxd5 26. exd5 e4 27. Qd1 Qd6 28. Ne3 Rd8 29. Raa5 Be7 30. Ra7 Qe5 31. Nc4 Qg5 32. d6 Bf5 33. Rxc5 Qf4 34. g3 Qg5 35. Ne3 g6 36. Rxe7 1-0

[Event "Early-Titled-Tuesday-Blitz-September-26-2023"]
[Site "Chess.com"]
[Date "2023.09.26"]
[Round "6"]
[White "Hilary46"]
[Black "DonkyDonkyDonkey"]
[Result "0-1"]
[WhiteElo "2586"]
[BlackElo "2744"]
[TimeControl "180+1"]
[EndTime "9:08:18 PDT"]
[Termination "DonkyDonkyDonkey won on time"]

1. e4 c5 2. Nf3 d6 3. d4 cxd4 4.
Nxd4 Nf6 5. Nc3 a6 6. Bg5 e6 7. f4 Be7 8. Qf3 Qc7 9. O-O-O Nbd7 10. Bd3 b5 11. Rhe1 Bb7 12. Qg3 Nc5 13. Bxf6 gxf6 14. Qg7 Rf8 15. e5 dxe5 16. fxe5 O-O-O 17. exf6 Bd6 18.
Bxh7 Be5 19. Nb3 Na4 20. Rxd8+ Rxd8 21. Nxa4 bxa4 22. Kb1 axb3 23. axb3 Qa5 24. Rc1 Bf4 25. Rf1 Qc7 26. Bd3 Be5 27. Qg5 Qd6 28. Re1 Bd4 29.
Rd1 Kb8 30. h4 Qb6 31. h5 Be3 32. Qe5+ Ka7 33. g4 Rd5 0-1

[Event "Early-Titled-Tuesday-Blitz-September-26-2023"]
[Site "Chess.com"]
[Date "2023.09.26"]
[Round "6"]
[White "Crazy_girl99"]
[Black "AttilaTurzo"]
[Result "1-0"]
[WhiteElo "2721"]
[BlackElo "2473"]
[TimeControl "180+1"]
[EndTime "9:08:18 PDT"]
[Termination "Crazy_girl99 won on time"]

1. e4 c5 2. Nf3 Nc6 3. Bc4 g6 4. d4 cxd4 5. Nxd4 Bg7 6. Be3 Nf6 7. Nc3 O-O 8. O-O Nxe4 9. Nxe4 d5 10. Nxc6 bxc6 11. Bd3 dxe4 12. Bxe4 Bxb2 13. Rb1 Be5 14. Bxc6 Ba6 15. Bxa8 Bxf1 16. Bd5 Ba6 17. Qf3 e6 18. Bb3 Qc7 19. h4 Bb7 20. Qg4 a5 21. h5 Bg7 22. hxg6 hxg6 23. Rd1 Rd8 24. Re1 Bd5 25.
c4 Bc6 26. Bf4 e5 27. Bg5 Rd4 28. Qg3 a4 29. Be3 axb3 30. Bxd4 bxa2 31. Ba1 Qa5 32.
Qc3 Qb6 33. c5 Qb1 34. Kh2 Bd5 35. Qc1 1-0

[Event "Early-Titled-Tuesday-Blitz-September-26-2023"]
[Site "Chess.com"]
[Date "2023.09.26"]
[Round "6"]
[White "Druid24"]
[Black "AlmasRakhmatullaev"]
[Result "1-0"]
[WhiteElo "2651"]
[BlackElo "2778"]
[TimeControl "180+1"]
[EndTime "9:08:19 PDT"]
[Termination "Druid24 won by resignation"]

1. e4 c5 2. Nc3 e6 3. Nge2 Nc6 4. g3 a6 5. Bg2 b5 6. O-O Bb7 7. d4 cxd4 8. Nxd4 Nge7 9. Re1 Nxd4 10. Qxd4 Nc6 11. Qe3 Rc8 12. a4 b4 13. Nd5 Ne5 14.
Qd4 Ng4 15. Ne3 Nxe3 16. Bxe3 Rxc2 17. Rac1 Rxc1 18. Rxc1 Bc6 19. Qa7 Bd6 20. Rxc6 Bb8 21. Qxa6 dxc6 22. Qxc6+ Qd7 23. Qc5 Bd6 24. Qd4 e5 25.
Qd5 O-O 26. a5 Rc8 27. a6 Qc6 28. a7 Qxd5 29. exd5 b3 30. Bf1 e4 31. Ba6 Re8 32. Bb7 Be5 33. a8=Q Rxa8 34. Bxa8 Bxb2 35. d6 Be5 36. d7 Bc7 37. Bxe4 g6 38. Bg5 1-0